 Dungeon Crawl Stone Soup version 0.32-a0-135-g14f8b2e1af (webtiles) character file.

Game seed: 229763096350675678

9 EnegeticOcto the Firebug (level 2, 0/20 HPs)
             Began as a Ghoul Fire Elementalist on Feb 10, 2024.
             Slain by a jackal (1 damage)
             ... on level 1 of the Dungeon.
             The game lasted 00:00:54 (448 turns).

EnegeticOcto the Firebug (Ghoul Fire Elementalist)   Turns: 448, Time: 00:00:54

Health: 0/20       AC:  3    Str: 11    XL:     2   Next: 16%
Magic:  0/5        EV: 12    Int: 14    God:
Gold:   18         SH:  0    Dex: 15    Spells: 4/5 levels left

rFire   . . .        g - +0 hand axe
rCold   + . .        (no shield)
rNeg    + + +        a - +0 robe
rPois   ∞            (no helmet)
rElec   .            f - +0 cloak
rCorr   .            (no gloves)
SInv    .            (no boots)
Will    .....        (no amulet)
Stlth   ++           d - +6 ring of dexterity
HPRegen 0.00/turn    (no ring)
MPRegen 0.09/turn

%: no passive effects
@: inhibited regen
A: claws 1, cold resistance 1, negative energy resistance 3, inhibited
regeneration, torment resistance 2, devour on kill
a: no special abilities


You were on level 1 of the Dungeon.
You visited 1 branch of the dungeon, and saw 1 of its levels.

You collected 18 gold pieces.

Inventory:

Hand Weapons
 g - a +0 hand axe (weapon)
   (You found it on level 1 of the Dungeon)
Armour
 a - a +0 robe (worn)
 f - a +0 cloak (worn)
   (You found it on level 1 of the Dungeon)
Jewellery
 c - an amulet of reflection
   (You found it on level 1 of the Dungeon)
 d - a +6 ring of dexterity (left claw)
   (You found it on level 1 of the Dungeon)
Scrolls
 e - a scroll of noise {unknown}
Potions
 b - a potion of magic
 h - a potion of curing {unknown}


   Skills:
 - Level 1.7 Dodging
 - Level 2.1 Stealth
 - Level 2.0 Spellcasting
 - Level 1.0 Conjurations
 + Level 2.7 Fire Magic


You had 4 spell levels left.
You knew the following spells:

 Your Spells              Type           Power      Damage    Failure   Level
b - Foxfire               Conj/Fire      24%        2x1d5     11%         1

Your spell library contained the following spells:

 Spells                   Type           Power      Damage    Failure   Level
 Scorch                   Fire           18%        2d5       12%         2
 Inner Flame              Hex/Fire       5%         N/A       38%         3
 Volatile Blastmotes      Fire/Tloc      10%        2d10      38%         3
 Tukima's Dance           Hex            1%         N/A       56%         3
 Flame Wave               Conj/Fire      6%         2d5       73%         4
 Passage of Golubria      Tloc           1%         N/A       93%         4
 Yara's Violent Unravell  Hex/Alch       0%         3d3       100%        5


Dungeon Overview and Level Annotations

Branches:
Dungeon (1/15) Zot: 5549

Altars:


Innate Abilities, Weirdness & Mutations

You are immune to poison.
You have sharp fingernails.
Your flesh is cold resistant. (rC+)
You are immune to negative energy. (rN+++)
You do not regenerate when monsters are visible.
You are immune to unholy pain and torment.
You thrive by killing the living.


Message History

You conjure some foxfire!
The foxfire hits the kobold.
The kobold is severely wounded.
The foxfire hits the kobold but does no damage.
The kobold is severely wounded.
A rat comes into view.
Casting: Foxfire (safe; 12% risk of failure)
Confirm with . or Enter, or press ? or * to list all spells.
You conjure some foxfire!
The foxfire hits the kobold.
You kill the kobold!
The foxfire hits the jackal.
The jackal is heavily wounded.
Casting: Foxfire (safe; 12% risk of failure)
Confirm with . or Enter, or press ? or * to list all spells.
You don't have enough magic to cast this spell.
Unknown command.
g - a +0 hand axe (weapon)
The foxfire hits the jackal but does no damage.
The jackal is heavily wounded.
The foxfire hits the jackal.
You kill the jackal!
You have reached level 2!
The jackal stops to sniff the ground.
The jackal barely misses you.
You open the door.
A bat comes into view.
The jackal bites you.
Found a spear.
There is an open door here.
A ball python comes into view.
Found a stone staircase leading down.
The bat hits you. The jackal attacks as it pursues you! The jackal bites you.
You hit the jackal.
The jackal is heavily wounded.
The ball python hisses angrily.
The jackal misses you. The bat barely misses you.
You closely miss the jackal.
The jackal is heavily wounded.
You hit the bat but do no damage. The bat closely misses you.
The bat barely misses you.
The jackal bites you but does no damage.
The bat hits you but does no damage. The jackal bites you.
You hit the jackal but do no damage.
The jackal is heavily wounded.
You closely miss the bat. The bat barely misses you.
The bat hits you but does no damage. The jackal barely misses you.
The bat completely misses you.
The jackal bites you but does no damage.
Casting: Foxfire (safe; 12% risk of failure)
Confirm with . or Enter, or press ? or * to list all spells.
You conjure some foxfire!
The bat barely misses you. The jackal barely misses you.
The jackal closely misses you.
The jackal bites you but does no damage.
You barely miss the jackal.
The jackal is heavily wounded.
You barely miss the ball python. You hit the jackal.
The foxfire hits the bat.
You kill the bat!
The foxfire hits the ball python.
The ball python is severely wounded.
The ball python bites you but does no damage.
The ball python barely misses you.
The jackal bites you but does no damage. x2
An endoplasm comes into view.
The ball python bites you. The ball python grabs you.
The ball python constricts you.
The endoplasm quivers.
You hit the jackal but do no damage.
The jackal is heavily wounded.
You hit the ball python but do no damage.
You closely miss the jackal.
The jackal bites you but does no damage.
The jackal closely misses you. The ball python bites you.
The ball python constricts you.
The jackal bites you but does no damage. x2
You miss the jackal.
The jackal is almost dead.
You closely miss the ball python. You completely miss the jackal.
The jackal closely misses you. The jackal barely misses you.
The ball python bites you.
* * * LOW HITPOINT WARNING * * *
The ball python constricts you. The jackal barely misses you.
The jackal bites you but does no damage.
The ball python bites you.
* * * LOW HITPOINT WARNING * * *
The ball python constricts you.
You hit the jackal.
You kill the jackal!
You feel better.
You barely miss the jackal. You hit the endoplasm but do no damage.
You barely miss the ball python.
The jackal bites you but does no damage.
The endoplasm freezes you.
You are frozen.
You resist.
* * * LOW HITPOINT WARNING * * *
The ball python barely misses you. The ball python constricts you.
* * * LOW HITPOINT WARNING * * *
The jackal barely misses you. The endoplasm hits you.
* * * LOW HITPOINT WARNING * * *
The rat bites you but does no damage. The ball python closely misses you.
The ball python constricts you.
You escape the ball python's grasp.
The jackal bites you.
You die...

.'...#.......##..# ...##
.#...#...#...##..# .....
###############>.#......
#..#...... #..)......
#..###.... #####r### ##
#...†h..# #....@JS#
#..........#
#.......#..#
#.......#..# #.......#
... #.).....# ...
######### #.>


You could see an endoplasm, a jackal, a ball python and a rat.

Vanquished Creatures
  2 bats (D:1)
  An endoplasm (D:1)
  2 jackals (D:1)
  A kobold (D:1)
  2 frilled lizards (D:1)
8 creatures vanquished.

Vanquished Creatures (others)
  18 foxfires (D:1)
18 creatures vanquished.

Grand Total: 26 creatures vanquished

Notes
Turn   | Place    | Note
-------+----------+-------------------------------------------
     0 | D:1      | EnegeticOcto the Ghoul Fire Elementalist began the quest
                  | for the Orb.
     0 | D:1      | Reached XP level 1. HP: 14/14 MP: 3/3
   252 | D:1      | Reached skill level 1 in Conjurations
   316 | D:1      | Reached skill level 2 in Spellcasting
   436 | D:1      | Reached XP level 2. HP: 20/20 MP: 0/5
   447 | D:1      | HP: 1/20 [endoplasm (1)]
   448 | D:1      | Slain by a jackal

Illustrated notes

Levels and vault maps discovered:
D:1:      minmay_arrival_nine_rooms, layout_basic, serial_shops, shop,
          st_stairs_13, minivault_5, interstate_on_off

Skill      XL: |  1 |
---------------+----+-----
Conjurations   | 1 |  1.0
Spellcasting   | 2 |  2.0
Dodging        | |  1.7
Stealth        | |  2.1
Fire Magic     | |  2.7

Action                     || total
---------------------------++-------
  Melee: Hand axe          ||     7
   Cast: Foxfire           ||    11
 Armour: Robe              ||    26
  Dodge: Dodged            ||    19

Table legend: (Time is in decaauts)
 A = Elapsed time spent in this place.
 B = Non-inter-level travel time spent in this place.
 C = Inter-level travel time spent in this place.
 D = Time resting spent in this place.
 E = Time spent auto-exploring this place.
 F = Levels seen in this place.
 G = Mean time per level.
                   A        B        C        D        E       F      G
               +--------+--------+--------+--------+--------+-----+--------+
         Total |    449 |    425 |     24 |      0 |    355 |   1 |  449.0 |
       Dungeon |    449 |    425 |     24 |      0 |    355 |   1 |  449.0 |
               +--------+--------+--------+--------+--------+-----+--------+

Top non-repeatable levels by time:
     D:1: 449 daAuts

Table legend:
 A = Kills in this place as a percentage of kills in the entire game.
 B = Kills by you in this place as a percentage of kills by you in the entire game.
 C = Kills by friends in this place as a percentage of kills by friends in the entire game.
 D = Other kills in this place as a percentage of other kills in the entire game.
 E = Experience gained in this place as a percentage of experience gained in the entire game.
 F = Experience gained in this place divided by the number of levels of this place that you have seen.
                   A       B       C       D       E      F
               +-------+-------+-------+-------+-------+----------------------
         Total | 100.0 | 100.0 |   N/A |   N/A | 100.0 |  14.0
       Dungeon | 100.0 | 100.0 |   N/A |   N/A | 100.0 |  14.0
               +-------+-------+-------+-------+-------+----------------------
